 Dungeon Crawl Stone Soup version 0.21.1-1-g345015f (webtiles) character file.

95 Supreme the Digger (level 4, -5/24 HPs)
             Began as a Gargoyle Earth Elementalist on Apr 16, 2018.
             Slain by a hobgoblin (6 damage)
             ... led by Robin
             ... on level 3 of the Dungeon.
             The game lasted 00:13:29 (1379 turns).

Supreme the Digger (Gargoyle Earth Elementalist)    Turns: 1379, Time: 00:13:30

Health: -5/24      AC:  5    Str: 11    XL:     4   Next: 66%
Magic:  0/7        EV: 11    Int: 17    God:
Gold:   89         SH:  5    Dex: 10    Spells: 2/8 levels left

rFire    . . .     SeeInvis .   q - -2 whip (curse)
rCold    . . .     Gourm    .   o - +2 buckler
rNeg     + . .     Faith    .   c - +0 robe
rPois    ∞         Spirit   .   (no helmet)
rElec    +         Reflect  .   (no cloak)
rCorr    .         Harm     .   (no gloves)
MR       .....                  (no boots)
Stlth    ++........             (no amulet)
HPRegen  0.08/turn              (no ring)
MPRegen  0.10/turn              (no ring)

@: no status effects
A: negative energy resistance 1, electricity resistance, unbreathing,
petrification resistance, rot immunity, AC +3
a: no special abilities


You were on level 3 of the Dungeon.
You were not hungry.

You visited 1 branch of the dungeon, and saw 3 of its levels.

You collected 89 gold pieces.

Inventory:

Hand Weapons
 g - a +0 club
 h - a +0 short sword
 j - a +0 dagger
 m - a +0 spear
 p - a +0 hunting sling
 q - a cursed -2 whip (weapon)
Missiles
 b - 119 stones (quivered)
Armour
 c - a +0 robe (worn)
 o - a +2 buckler (worn)
Scrolls
 a - 3 scrolls of identify
 f - a scroll of magic mapping {unknown}
 n - 2 scrolls of remove curse {unknown}
Potions
 i - a potion of degeneration
 k - a potion of curing {unknown}
 l - a potion of might {unknown}
 r - a potion of berserk rage {unknown}
 s - a potion of mutation {unknown}
 t - a potion of lignification {unknown}
Books
 e - a book of Geomancy

   Spells                             Type                      Level
   a - Sandblast                      Earth                        1
   b - Passwall                       Transmutation/Earth          2
   c - Stone Arrow                    Conjuration/Earth            3
   d - Petrify                        Transmutation/Earth          4
   e - Lee's Rapid Deconstruction     Earth                        5
Comestibles
 d - 9 rations
 u - 3 chunks of flesh


   Skills:
 + Level 0.1 Fighting
 - Level 2.1 Dodging
 + Level 2.7 Stealth
 * Level 1.2 Shields
 + Level 2.5 Spellcasting
 + Level 0.7 Transmutations
 + Level 4.9 Earth Magic


You had 2 spell levels left.
You knew the following spells:

 Your Spells              Type           Power        Failure   Level  Hunger
a - Sandblast             Erth           ###...       3%          1    #......
b - Passwall              Tmut/Erth      ##........   12%         2    ##.....
c - Stone Arrow           Conj/Erth      ##....       28%         3    ###....


Dungeon Overview and Level Annotations

Branches:
Dungeon (3/15)

Altars:
Hepliaklqana
Okawaru
Uskayaw
Xom

Annotations:
D:3 Robin


Innate Abilities, Weirdness & Mutations

You are resistant to torment.
Your stone body is resilient. (AC +3)
You are immune to poison.
You resist negative energy. (rN+)
You are resistant to electric shocks. (rElec)
You can survive without breathing.
You are immune to petrification.
You are immune to rotting.


Message History

b - 120 stones The goblin hits you with a dagger.
Robin throws the goblin at you! The goblin barely misses you.
Casting: Sandblast
Confirm with . or Enter, or press ? or * to list all spells.
Aiming: Sandblast
Press: ? - help, Shift-Dir - straight line, f/p - Robin
Aim: Robin, wielding a falchion, wearing an animal skin and wearing a helmet (heavily wounded)
The blast of sand hits Robin.
Robin is almost dead.
b - 119 stones The goblin closely misses you.
Robin barely misses you. The goblin hits you.
* * * LOW HITPOINT WARNING * * *
The hobgoblin hits you.
* * * LOW HITPOINT WARNING * * *
As you read the scroll labeled VISESTR NEHAPH, it crumbles to dust.
It is a scroll of identify.
i - a potion of degeneration The goblin barely misses you.
Robin closely misses you. The hobgoblin hits you.
You die...

#.g...........
#####.#......g
#.####.#.#
#........#
###.####....
#....# #
#....# #.ggg#
#..@.# #...g#
######


You could see Robin, a hobgoblin and 2 goblins.

Vanquished Creatures
  2 adders
  A gnoll (D:1)
  2 oozes
  A worm (D:2)
  2 dart slugs
  3 leopard geckos
  2 ball pythons
  3 giant cockroaches (D:2)
  11 goblins
  5 hobgoblins
  4 kobolds
  A quokka (D:2)
  2 bats (D:1)
  3 frilled lizards
  4 rats
46 creatures vanquished.

Notes
Turn   | Place    | Note
-------+----------+-------------------------------------------
     0 | D:1      | Supreme the Gargoyle Earth Elementalist began the quest for the Orb.
     0 | D:1      | Reached XP level 1. HP: 10/10 MP: 3/3
    79 | D:1      | Reached skill level 4 in Earth Magic
    82 | D:1      | Reached XP level 2. HP: 15/15 MP: 0/5
    86 | D:1      | Learned a level 2 spell: Passwall
   256 | D:1      | Reached XP level 3. HP: 9/19 MP: 4/6
   286 | D:1      | Learned a level 3 spell: Stone Arrow
   532 | D:2      | Found a hazy altar of Hepliaklqana.
   533 | D:2      | Found an iron altar of Okawaru.
   686 | D:2      | Reached XP level 4. HP: 24/24 MP: 4/7
   836 | D:2      | Reached skill level 1 in Shields
   952 | D:2      | Found a hide-covered altar of Uskayaw.
  1241 | D:3      | Found a shimmering altar of Xom.
  1316 | D:3      | Noticed Robin
  1378 | D:3      | HP: 1/24 [hobgoblin[Robin] (4)]
  1379 | D:3      | Slain by a hobgoblin

Skill      XL: |  1  2  3  4 |
---------------+-------------+-----
Earth Magic    | 4 |  4.9
Dodging        | 2 |  2.1
Shields        | 1 |  1.2
Fighting       | |  0.1
Stealth        | |  2.7
Spellcasting   | |  2.5
Transmutations | |  0.7

Action                   |  1- 3 |  4- 6 || total
-------------------------+-------+-------++-------
Melee: Short sword       |    44 |       ||    44
       Whip              |       |    88 ||    88
 Cast: Sandblast         |    16 |    23 ||    39
       Passwall          |     2 |       ||     2
  Use: Scroll            |       |     1 ||     1
 Stab: Sleeping          |     5 |     1 ||     6
  Eat: Chunk             |       |     2 ||     2
Armor: Robe              |    15 |    31 ||    46
Dodge: Dodged            |    25 |    52 ||    77
Block: Buckler           |     5 |    26 ||    31
